 Dungeon Crawl Stone Soup version 0.28.0-45-g0d030f2227 (webtiles) character file.

Game seed: 259960965206039178

184 raph the Grave Robber (level 5, -1/41 HPs)
             Began as a Hill Orc Necromancer on May 26, 2022.
             Was an Initiate of Beogh.
             Slain by a phantom (9 damage)
             ... on level 6 of the Dungeon.
             The game lasted 00:07:06 (5826 turns).

raph the Grave Robber (Hill Orc Necromancer)        Turns: 5826, Time: 00:07:06

Health: -1/41      AC:  3    Str: 18    XL:     5   Next: 63%
Magic:  5/8        EV: 16    Int: 17    God:    Beogh [......]
Gold:   177        SH:  0    Dex: 11    Spells: 3/8 levels left

rFire   . . .      SeeInvis .   e - +1 dagger (freeze)
rCold   . . .      Faith    .   (no shield)
rNeg    . . .      Spirit   .   a - +0 robe
rPois   +          Reflect  .   (no helmet)
rElec   +          Harm     .   (no cloak)
rCorr   .          Rampage  .   d - +0 pair of gloves
Will    .....                   (no boots)
Stlth   ++........              (no amulet)
HPRegen 0.13/turn               f - ring "Daumieg" {rElec rPois Will- EV+4 Str+7}
MPRegen 0.11/turn               (no ring)

@: no status effects
A: no striking features
a: Renounce Religion


You were on level 6 of the Dungeon.
You worshipped Beogh.
Beogh was noncommittal.
You visited 1 branch of the dungeon, and saw 6 of its levels.

You collected 177 gold pieces.

Inventory:

Hand Weapons
 b - a +0 dagger of flaming
 e - a +1 dagger of freezing (weapon)
Missiles
 c - a boomerang
Armour
 a - a +0 robe (worn)
 d - a +0 pair of gloves (worn)
Jewellery
 f - the ring "Daumieg" (left hand) {rElec rPois Will- EV+4 Str+7}
   (You acquired it on level 4 of the Dungeon)

   [ring of evasion]

   EV:        It affects your evasion (+4).
   Str:       It affects your strength (+7).
   rElec:     It insulates you from electricity.
   rPois:     It protects you from poison.
   Will:      It decreases your willpower.
Wands
 p - a wand of acid (3)
Scrolls
 g - a scroll of identify
 k - 2 scrolls of enchant weapon {unknown}
 l - a scroll of magic mapping {unknown}
 m - a scroll of teleportation
 o - a scroll of blinking {unknown}
Potions
 h - a potion of ambrosia {unknown}
 i - a potion of mutation
 j - a potion of might {unknown}
 n - a potion of curing


   Skills:
 + Level 2.2 Fighting
 + Level 2.3 Dodging
 + Level 2.4 Stealth
 + Level 2.2 Spellcasting
 * Level 5.0 Necromancy


You had 3 spell levels left.
You knew the following spells:

 Your Spells              Type           Power      Damage    Failure   Level
a - Pain                  Necr           76%        1d7       2%          1
b - Animate Skeleton      Necr           38%        N/A       2%          1
c - Vampiric Draining     Necr           19%        2d7       7%          3

Your spell library contained the following spells:

 Spells                   Type           Power      Damage    Failure   Level
 Animate Dead             Necr           9%         N/A       24%         4
 Agony                    Necr           19%        N/A       54%         5
 Summon Forest            Summ/Tloc      0%         N/A       99%         5
 Summon Mana Viper        Hex/Summ       1%         N/A       99%         5
 Summon Cactus Giant      Summ           0%         N/A       100%        6


Dungeon Overview and Level Annotations

Branches:
Dungeon (6/15)
 Temple: D:4-7

Altars:
Elyvilon
Fedhas

Annotations:
D:4 Menkaure


Message History

The phantom misses you.
There is a stone staircase leading down here.
The phantom hits you.
The white imp shouts, "Crawl home, thou baffled fool-headed minnow reeky!"
You climb downwards.
Found an escape hatch in the ceiling.
There is a stone staircase leading up here.
You hit the phantom. Your punch misses the phantom.
The phantom is moderately damaged.
The phantom hits you but does no damage.
You miss the phantom.
The phantom is moderately damaged.
The phantom misses you.
You hit the phantom but do no damage.
The phantom is moderately damaged.
The phantom closely misses you.
You hit the phantom.
The phantom is moderately damaged.
The phantom completely misses you.
You barely miss the phantom.
The phantom is moderately damaged.
The phantom completely misses you.
You hit the phantom.
The phantom is heavily damaged.
The phantom hits you.
* * * LOW HITPOINT WARNING * * *
The phantom blinks!
You blink.
The phantom hits you.
* * * LOW HITPOINT WARNING * * *
The phantom blinks!
You blink.
You hit the phantom but do no damage.
The phantom is heavily damaged.
The phantom misses you.
You closely miss the phantom.
The phantom is heavily damaged.
The phantom barely misses you.
You hit the phantom.
The phantom is heavily damaged.
The phantom hits you!
You die...

###########
#.@W......#
#.####.##.#
#.#<....ยง<#
#.#########
.. ##


You could see a phantom.

Vanquished Creatures
  A scorpion (D:4)
  A centaur skeleton (D:4)
  An iguana (D:5)
  3 dart slugs
  2 orcs (D:3)
  4 ball pythons
  5 endoplasms
  2 giant cockroaches
  8 goblins
  4 hobgoblins
  10 jackals
  3 quokkas
  A bat (D:1)
  4 frilled lizards
  7 kobolds
56 creatures vanquished.

Vanquished Creatures (others)
  An orc priest (D:3)
  3 orcs (D:3)
  8 fungi (D:4)
12 creatures vanquished.

Grand Total: 68 creatures vanquished

Notes
Turn   | Place    | Note
-------+----------+-------------------------------------------
     0 | D:1      | raph the Hill Orc Necromancer began the quest for the Orb.
     0 | D:1      | Reached XP level 1. HP: 14/14 MP: 3/3
   111 | D:1      | Learned a level 1 spell: Animate Skeleton
   196 | D:1      | Reached XP level 2. HP: 18/22 MP: 1/4
   606 | D:1      | Found a faded altar of an unknown god.
   824 | D:1      | Reached skill level 1 in Fighting
   825 | D:1      | Reached XP level 3. HP: 24/28 MP: 1/5
  1923 | D:2      | Identified the +1 plate armour "Ytidac" {+Inv rElec Str-4}
  2065 | D:2      | Found a blossoming altar of Fedhas.
  2402 | D:3      | Noticed a water moccasin
  2676 | D:3      | Became a worshipper of Beogh the Brigand
  3371 | D:3      | Learned a level 3 spell: Vampiric Draining
  3470 | D:3      | Reached XP level 4. HP: 28/35 MP: 0/6
  4279 | D:4      | Noticed a scorpion
  4286 | D:4      | Killed a scorpion
  4287 | D:4      | Reached skill level 5 in Necromancy
  4287 | D:4      | Reached XP level 5. HP: 23/41 MP: 1/8
  4579 | D:4      | Found a white marble altar of Elyvilon.
  4650 | D:4      | Identified a scroll of acquirement
  4650 | D:4      | Acquired the ring "Daumieg" {rElec rPois Will- EV+4 Str+7}
  4829 | D:4      | Noticed Menkaure
  5746 | D:5      | Entered Level 5 of the Dungeon
  5760 | D:5      | Noticed a phantom
  5810 | D:5      | Noticed an ogre
  5826 | D:6      | Slain by a phantom

Illustrated notes

Levels and vault maps discovered:
D:1:      dpeg_arrival_three_smaller_balls, layout_basic,
          ebering_ecumenical_altar_ruins, st_stairs_11
D:2:      layout_basic, basic_altar, uniq_crazy_yiuf_cottage
D:3:      layout_loops_ring
D:4:      layout_layer_cave, mainiacjoe_overflow_cross_hatched,
          dk_noncrumbling_3, uniq_menkaure
D:5:      layout_loops_ring, lemuel_mausoleum_altar_yredelemnul,
          fiery_altar_vehumet, nicolae_overflow_squiral, uniq_ijyb
D:6:      layout_basic, mainiacjoe_overflow_chevrons,
          nicolae_dithmenos_through_a_glass_darkly,
          minmay_temple_entry_from_below_b

Skill      XL: |  1  2  3  4 |
---------------+-------------+-----
Fighting       | 1 2 |  2.2
Stealth        | 2 |  2.4
Dodging        | 2 |  2.3
Spellcasting   | 2 |  2.2
Necromancy     | 5 |  5.0

Action                   |  1- 3 |  4- 6 || total
-------------------------+-------+-------++-------
Melee: Dagger            |    28 |    48 ||    76
       Punch             |     1 |     1 ||     2
 Cast: Pain              |    71 |    18 ||    89
       Animate Skeleton  |     3 |       ||     3
       Vampiric Draining |     1 |     3 ||     4
Invok: Convert to Beogh  |     1 |       ||     1
  Use: Scroll            |     3 |     2 ||     5
       Potion            |     2 |       ||     2
 Stab: Sleeping          |     1 |       ||     1
Armor: Robe              |    16 |     9 ||    25
Dodge: Dodged            |    43 |    54 ||    97
